 Dungeon Crawl Stone Soup version 0.24.0-1-gfbc8707 (webtiles) character file.

Game seed: 16381795421081162872, levelgen mode: deterministic

2403 Fang the Fighter (level 9, -6/60 HPs)
             Began as a Gargoyle Berserker on Nov 1, 2019.
             Was an Elder of Trog.
             Mangled by an orc warrior
             ... wielding a +0 scimitar
              (14 damage)
             ... on level 6 of the Dungeon.
             The game lasted 00:04:53 (5559 turns).

Fang the Fighter (Gargoyle Berserker)               Turns: 5559, Time: 00:04:53

Health: -6/60      AC: 17    Str: 24    XL:     9   Next: 47%
Magic:  9/9        EV:  9    Int:  8    God:    Trog [****..]
Gold:   216        SH:  0    Dex:  9    Spells: 8/8 levels left

rFire    . . .     SeeInvis .   a - +0 hand axe
rCold    . . .     Gourm    .   (no shield)
rNeg     + . .     Faith    .   b - +0 chain mail
rPois    ∞         Spirit   .   (no helmet)
rElec    +         Reflect  .   (no cloak)
rCorr    .         Harm     .   k - +0 pair of gloves (curse)
MR       +....                  (no boots)
Stlth    +.........             (no amulet)
HPRegen  0.20/turn              f - ring of protection from magic
MPRegen  0.11/turn              i - ring of stealth

@: berserk cooldown, slowed, very slow
A: negative energy resistance 1, electricity resistance, unbreathing,
petrification resistance, rot immunity, AC +6
a: Berserk, Trog's Hand, Brothers in Arms, Renounce Religion


You were on level 6 of the Dungeon.
You worshipped Trog.
Trog was greatly pleased with you.
You were very hungry.

You visited 2 branches of the dungeon, and saw 7 of its levels.

You collected 216 gold pieces.

Inventory:

Hand Weapons
 a - a +0 hand axe (weapon)
Armour
 b - a +0 chain mail (worn)
 k - a cursed +0 pair of gloves (worn)
Jewellery
 f - a ring of protection from magic (left hand)
 i - a ring of stealth (right hand)
 y - an uncursed ring of protection from fire {unknown}
 B - a cursed ring of resist corrosion {unknown}
Wands
 x - a wand of polymorph (11)
Scrolls
 d - 2 scrolls of enchant weapon {unknown}
 e - 4 scrolls of remove curse {unknown}
 g - 2 scrolls of blinking {unknown}
 l - 2 scrolls of fear {unknown}
 o - 5 scrolls of identify {unknown}
 p - 3 scrolls of amnesia {unknown}
 q - a scroll of enchant armour {unknown}
 t - a scroll of immolation {unknown}
 u - a scroll of fog {unknown}
 v - 2 scrolls of random uselessness {unknown}
 C - a scroll of acquirement {unknown}
Potions
 h - a potion of curing {unknown}
 j - 3 potions of mutation {unknown}
 m - 2 potions of berserk rage {unknown}
 n - a potion of heal wounds {unknown}
 r - 2 potions of brilliance {unknown}
 s - a potion of cancellation {unknown}
 w - a potion of haste {unknown}
 z - a potion of flight {unknown}
Comestibles
 c - 12 rations
 A - 5 chunks of flesh


   Skills:
 * Level 8.4 Fighting
 * Level 7.0 Axes
 + Level 6.1 Armour
 - Level 2.5 Dodging
 + Level 5.2 Stealth


You had 8 spell levels left.
You didn't know any spells.
Your spell library was empty.

Dungeon Overview and Level Annotations

Branches:
Dungeon (6/15)             Temple (1/1) D:5

Altars:
Dithmenos
Elyvilon
Trog
Vehumet


Innate Abilities, Weirdness & Mutations

You are resistant to torment.
Your stone body is resilient. (AC +6)
You are immune to poison.
You resist negative energy. (rN+)
You are resistant to electric shocks. (rElec)
You can survive without breathing.
You are immune to petrification.
You are immune to rotting.


Message History

The orc wizard shouts!
The scorpion stings you but does no damage. x2
You slash the scorpion!
You kill the scorpion!
Trog accepts your kill.
The orc wizard gestures at you while chanting.
The puff of flame hits you but does no damage.
You see here a scorpion corpse.
You hear the brisk hiss of a distant avalanche of sand.
An orc warrior comes into view. It is wielding a +0 scimitar.
The orc warrior shouts!
The orc wizard casts a spell.
The orc wizard seems to speed up.
The orc wizard casts a spell at you. The puff of flame hits you.
* * * LOW HITPOINT WARNING * * *
The orc wizard barely misses you. The orc wizard closely misses you.
The orc warrior hits you with a +0 scimitar!
You die...

###.######## #.. # #.#
#..#####.# # #.#
#........# ###.#####.#
##.†#.####
.##.......#####..#.#<#
...########....#...#.##.
#### #.##.......... .#
##.##.#o#..##?. .#
#......@o..#...
.#############.#........
.............).#)......?
###..).........#)#.#...!
#............#(#......
#.............()......
##..........###.#.###.
#..........# .#..#
############ .# .#


You could see an orc warrior and an orc wizard.

Vanquished Creatures
  Grinder (D:5)
  Prince Ribbit (D:5)
  Sigmund (D:5)
  The ghost of Faca the Cutter, an amateur SpAK of Lugonu (D:4)
  Duvessa (D:4)
  An ice beast (D:6)
  2 sky beasts
  2 ogres
  A centaur (D:5)
  4 scorpions
  Dowan (D:4)
  4 wights (D:6)
  A howler monkey (D:5)
  An orc priest (D:6)
  2 bullfrog skeletons
  2 iguanas
  Ijyb (D:5)
  7 orc wizards
  A worker ant (D:6)
  A hound skeleton (D:5)
  6 adders
  10 gnolls
  A shadow imp (D:5)
  An ooze (D:4)
  A worm (D:3)
  5 dart slugs
  4 leopard geckos
  18 orcs
  6 bats
  3 giant cockroaches
  8 hobgoblins
  3 jackals (D:2)
  2 quokkas
  11 frilled lizards
  6 goblins
  12 kobolds
  A leopard gecko skeleton (D:4)
  10 rats
144 creatures vanquished.

Notes
Turn   | Place    | Note
-------+----------+-------------------------------------------
     0 | D:1      | Fang the Gargoyle Berserker began the quest for the Orb.
     0 | D:1      | Reached XP level 1. HP: 14/14 MP: 1/1
   282 | D:1      | Reached XP level 2. HP: 19/19 MP: 2/2
   492 | D:1      | Reached XP level 3. HP: 23/23 MP: 3/3
   512 | D:1      | Reached ** piety under Trog
  1143 | D:2      | Noticed a sky beast
  1162 | D:2      | Killed a sky beast
  1162 | D:2      | Reached skill level 4 in Fighting
  1162 | D:2      | Reached XP level 4. HP: 20/29 MP: 4/4
  1162 | D:2      | Reached XP level 5. HP: 23/33 MP: 5/5
  1768 | D:3      | Reached *** piety under Trog
  2281 | D:4      | Noticed an ogre
  2287 | D:4      | Killed an ogre
  2287 | D:4      | Reached skill level 1 in Stealth
  2287 | D:4      | Reached XP level 6. HP: 40/40 MP: 6/6
  2351 | D:4      | Reached skill level 5 in Fighting
  2698 | D:4      | Reached XP level 7. HP: 15/44 MP: 7/7
  3305 | D:4      | Found a runed translucent door.
  3305 | D:4      | Noticed Faca's ghost (amateur SpAK)
  3425 | D:4      | Killed Faca's ghost
  3464 | D:4      | Noticed Duvessa
  3465 | D:4      | Noticed Dowan
  3472 | D:4      | Killed Dowan
  3499 | D:4      | HP: 1/67 [Duvessa/+0 short sword (4)]
  3504 | D:4      | Killed Duvessa
  4004 | D:5      | Entered Level 5 of the Dungeon
  4016 | D:5      | Reached skill level 6 in Fighting
  4031 | D:5      | Reached skill level 5 in Axes
  4045 | D:5      | Noticed Prince Ribbit
  4056 | D:5      | Killed Prince Ribbit
  4056 | D:5      | Reached XP level 8. HP: 16/52 MP: 8/8
  4059 | D:5      | Reached **** piety under Trog
  4270 | D:5      | Reached skill level 5 in Armour
  4284 | D:5      | Noticed Grinder
  4305 | D:5      | Killed Grinder
  4305 | D:5      | Reached skill level 7 in Fighting
  4336 | D:5      | HP: 2/53 [iguana (9)]
  4341 | D:5      | HP: 2/53 [orc/+0 dagger (1)]
  4713 | D:5      | Noticed Ijyb
  4719 | D:5      | Received a gift from Trog
  4730 | D:5      | Killed Ijyb
  4730 | D:5      | Reached XP level 9. HP: 57/57 MP: 9/9
  4812 | D:5      | Found a staircase to the Ecumenical Temple.
  4876 | Temple   | Entered the Ecumenical Temple
  4932 | D:5      | Noticed Sigmund
  4981 | D:5      | Killed Sigmund
  5276 | D:6      | Reached skill level 8 in Fighting
  5353 | D:6      | Reached skill level 5 in Stealth
  5559 | D:6      | Mangled by an orc warrior

Levels and vault maps discovered:
D:1:      matt_arrival_grand_opening, layout_basic
D:2:      layout_basic, minmay_pentomino_u2
D:3:      layout_basic, first_ration
D:4:      layout_basic, gammafunk_ghost_grave, uniq_duvessa
D:5:      layout_basic, minmay_temple_entry_nine_rooms, uniq_prince_ribbit1,
          uniq_ijyb, uniq_grinder, uniq_sigmund
D:6:      layout_basic, nicolae_ossuary_entry_plus
Temple:   nicolae_temple_the_god_donut

Skill      XL: |  1  2  3  4  5  6  7  8  9 |
---------------+----------------------------+-----
Axes           | 3 4 5 6 7 |  7.0
Dodging        | 2 |  2.5
Fighting       | 4 5 6 7 8 |  8.4
Armour         | 3 4 5 6 |  6.1
Stealth        | 1 3 4 5 |  5.2

Action                   |  1- 3 |  4- 6 |  7- 9 || total
-------------------------+-------+-------+-------++-------
Melee: Hand axe          |   138 |   161 |   367 ||   666
Invok: Berserk           |     1 |     1 |     7 ||     9
       Trog's Hand       |       |       |     1 ||     1
 Stab: Sleeping          |       |     1 |       ||     1
  Eat: Chunk             |     1 |     7 |     8 ||    16
       Ration            |       |       |     2 ||     2
Armor: Animal skin       |    66 |     1 |       ||    67
       Chain mail        |       |    93 |   226 ||   319
       Skin              |       |     1 |       ||     1
Dodge: Dodged            |   109 |    77 |   159 ||   345
